 Dungeon Sprint DCSS version 0.19.4-10-g532645f (console) character file.

29305 itsmu the Bringer of Law (level 13, -3/141 HPs)
             Began as a Troll Monk on Feb 25, 2017.
             Was the Champion of Zin.
             Slain by an entropy weaver (10 damage)
             ... in the Dungeon (Sprint IX: "|||||||||||||||||||||||||||||").
             The game lasted 00:13:58 (2656 turns).

itsmu the Bringer of Law (Troll Monk)               Turns: 2656, Time: 00:14:00

Health: -3/141     AC:  1    Str: 22    XL:     13   Next: 14%
Magic:  20/23      EV: 16    Int:  6    God:    Zin [******]
Gold:   1539       SH:  0    Dex: 16    Spells: 0 memorised, 12 levels left

rFire  + + .     SeeInvis +       - Unarmed
rCold  . . .     Gourm    +     C - +1 fire dragon scales
rNeg   . . .     Faith    .     (no shield)
rPois  .         Spirit   .     v - +2 hat {SInv}
rElec  .         Reflect  .     B - +2 cloak {+Inv}
rCorr  .         Harm     .     (gloves unavailable)
MR     +....     NoTele   +     (boots unavailable)
Stlth  ..........               (no amulet)
                                y - ring of protection from magic
                                x - ring of protection from cold

@: short of breath, corroded
A: unfitting armour, claws 3, fast metabolism 3, gourmand, regeneration 1,
shaggy fur 1, tough skin 2
a: Recite, Vitalisation, Imprison, Sanctuary, Donate Gold, Cure All Mutations,
Renounce Religion, Evoke Invisibility


You were in the Dungeon.
You worshipped Zin.
Zin was exalted by your worship.
You were completely stuffed.

You visited 1 branch You collected 1850 gold pieces.
You spent 300 gold pieces at shops.
You donated 11 gold pieces to Zin.

Inventory:

Armour
 v - a +2 hat of see invisible (worn)
   (You took it off Gastronok in the Dungeon)
 B - a +2 cloak of invisibility (worn)
   (You found it in the Dungeon)
 C - +1 fire dragon scales (worn)
   (You found it in the Dungeon)
Jewellery
 w - an uncursed ring of fire
   (You found it in the Dungeon)
 x - a ring of protection from cold (left claw)
   (You found it in the Dungeon)
 y - a ring of protection from magic (right claw)
   (You found it in the Dungeon)
 z - an uncursed ring of protection from magic
   (You found it in the Dungeon)
Wands
 a - a wand of iceblast (6/15)
   (You took it off Nessos in the Dungeon)
 m - a wand of lightning (7/15)
   (You found it in the Dungeon)
Scrolls
 h - 2 scrolls of blinking
 k - 5 scrolls of remove curse
 l - 2 scrolls of amnesia
 r - a scroll of identify
 s - 4 scrolls of enchant weapon
 t - 2 scrolls of enchant armour
 u - 2 scrolls of recharging
 F - 2 scrolls of fog
Potions
 c - 4 potions of curing
 d - a potion of heal wounds
 f - 3 potions of magic
 g - a potion of brilliance
 E - a potion of berserk rage
Comestibles
 b - 14 bread rations
 i - 5 chunks of flesh
 j - 40 fruits
 q - 10 meat rations


   Skills:
 + Level 12.9 Fighting
 + Level 12.2 Armour
 + Level 12.9 Dodging
 - Level 1.0 Stealth
 + Level 14.9 Unarmed Combat
 + Level 15.9 Invocations
 + Level 6.1 Evocations


You had 12 spell levels left.
You didn't know any spells.

Dungeon Overview and Level Annotations

Branches:
Dungeon (1/1)

Altars:
Cheibriados
Dithmenos
Elyvilon
Fedhas
Gozag
Hepliaklqana
Kikubaaqudgha
Makhleb
Nemelex Xobeh
Okawaru
Qazlal
Ru
Sif Muna
Trog
Uskayaw
Vehumet
Xom
Yredelemnul
Zin
The Shining One
Beogh
Jiyva
Lugonu

Shops:
D %(}*


Innate Abilities, Weirdness & Mutations

You are too large for most types of armour.
You have claws for hands.
Your metabolism is lightning-fast.
You like to eat raw meat.
Your natural rate of healing is unusually fast.
You are covered in fur. (AC +1)
You have very tough skin. (AC +2)


Message History

You claw the entropy weaver!
The entropy weaver is heavily wounded. "...preserved in their reverence for all the days to come."
You finish reciting Anathema 21:4.
The jumping spider pounces on you!
* * * LOW HITPOINT WARNING * * *
You are caught in a web!
The jumping spider bites you.
* * * LOW HITPOINT WARNING * * *
The entropy weaver hits the ghost moth but does no damage.
The entropy weaver hits the ghost moth!
The entropy weaver closely misses the ghost moth.
The entropy weaver barely misses the ghost moth.
You disentangle yourself.
The jumping spider leaps!
The jumping spider barely misses you. The jumping spider misses you.
The entropy weaver closely misses you. The entropy weaver hits you!
* * * LOW HITPOINT WARNING * * *
The entropy weaver hits you.
* * * LOW HITPOINT WARNING * * *
The entropy weaver hits you!
You die...

)))......')..).).))..[).))).\.\.\
#################################
.................................
#################################
)))))..[[.[[[..........['()))))..
#################################
........................(..()(.(.
7777777##########################
.......')0.).sssMayyys..
7777777#################


You could see a ghost moth (invisible), an entropy weaver (confused), 2 hornets,
3 jumping spiders and a redback.

Vanquished Creatures
  Gastronok (D)
  Agnes (D)
  A fire giant (D)
  An entropy weaver (D)
  Nessos (D)
  A spark wasp (D)
  2 fire dragons (D)
  2 rakshasas (D)
  An anaconda (D)
  Erica (D)
  4 ogre magi (D)
  An alligator (D)
  A tengu warrior (D)
  2 orc high priests (D)
  2 swamp dragons (D)
  A wizard (D)
  2 ugly things (D)
  2 orc knights (D)
  A manticore (D)
  An elephant (D)
  5 black mambas (D)
  A guardian serpent (D)
  3 spiny frogs (D)
  A yaktaur (D)
  A komodo dragon (D)
  A hornet (D)
  A tyrant leech (D)
  6 two-headed ogres (D)
  A blink frog (D)
  A bog body (D)
  A hippogriff (D)
  2 wyverns (D)
  A shadow (D)
  A hungry ghost (D)
  2 vampire mosquitoes (D)
  An insubstantial wisp (D)
  A warg (D)
  3 nagas (D)
  A soldier ant (D)
  3 porcupines (D)
  5 water moccasins (D)
  A hell hound (D)
  An ice beast (D)
  10 orc warriors (D)
  5 ogres (D)
  6 wolves (D)
  A centaur (D)
  2 crocodiles (D)
  A bullfrog (D)
  A scorpion (D)
  A howler monkey (D)
  2 hounds (D)
  A jelly (D)
  3 orc wizards (D)
  An iguana (D)
  A shadow imp (D)
  11 orcs (D)
  A bat (D)
  2 goblins (D)
  A hobgoblin (D)
  A kobold (D)
124 creatures vanquished.

Vanquished Creatures (others)
  2 pillars of salt (D)
2 creatures vanquished.

Grand Total: 126 creatures vanquished

Notes
Turn   | Place    | Note
-------+----------+-------------------------------------------
     0 | D        | itsmu the Troll Monk began the quest for the Orb.
     0 | D        | Reached XP level 1. HP: 22/22 MP: 0/0
    24 | D        | Reached skill level 1 in Armour
    42 | D        | Noticed a hound
    42 | D        | Noticed an ogre
    42 | D        | Noticed a howler monkey
    42 | D        | Noticed an iguana
    44 | D        | Reached XP level 2. HP: 31/31 MP: 1/1
    50 | D        | Reached XP level 3. HP: 35/39 MP: 2/2
    53 | D        | Killed an ogre
    53 | D        | Reached skill level 5 in Dodging
    53 | D        | Reached skill level 5 in Unarmed Combat
    53 | D        | Reached XP level 4. HP: 45/49 MP: 3/3
    55 | D        | Reached skill level 5 in Fighting
    55 | D        | Reached XP level 5. HP: 54/57 MP: 4/4
    73 | D        | Found a roughly hewn altar of Beogh.
    73 | D        | Found a snail-covered altar of Cheibriados.
    73 | D        | Found a shadowy altar of Dithmenos.
    73 | D        | Found a white marble altar of Elyvilon.
    73 | D        | Found a blossoming altar of Fedhas.
    73 | D        | Found an opulent altar of Gozag.
    74 | D        | Found a hazy altar of Hepliaklqana.
    75 | D        | Found a viscous altar of Jiyva.
    76 | D        | Found an ancient bone altar of Kikubaaqudgha.
    77 | D        | Found a corrupted altar of Lugonu.
    78 | D        | Found a burning altar of Makhleb.
    79 | D        | Found a sparkling altar of Nemelex Xobeh.
    80 | D        | Found an iron altar of Okawaru.
    81 | D        | Found a stormy altar of Qazlal.
    82 | D        | Found a sacrificial altar of Ru.
    83 | D        | Found a deep blue altar of Sif Muna.
    84 | D        | Found a bloodstained altar of Trog.
    85 | D        | Found a hide-covered altar of Uskayaw.
    86 | D        | Found a radiant altar of Vehumet.
    87 | D        | Found a shimmering altar of Xom.
    88 | D        | Found a basalt altar of Yredelemnul.
    89 | D        | Found a glowing silver altar of Zin.
    90 | D        | Found a glowing golden altar of the Shining One.
    97 | D        | Became a worshipper of Zin the Law-Giver
    97 | D        | Reached * piety under Zin
    97 | D        | Reached ** piety under Zin
   136 | D        | Noticed a wyvern
   136 | D        | Noticed a hungry ghost
   136 | D        | Noticed an ice beast
   136 | D        | Noticed a wyvern
   140 | D        | Reached skill level 2 in Invocations
   150 | D        | Killed a wyvern
   150 | D        | Reached skill level 4 in Invocations
   150 | D        | Reached XP level 6. HP: 58/67 MP: 4/8
   154 | D        | Killed a hungry ghost
   154 | D        | Reached skill level 5 in Invocations
   154 | D        | Reached XP level 7. HP: 67/76 MP: 4/9
   162 | D        | Reached skill level 5 in Armour
   168 | D        | Killed a wyvern
   168 | D        | Reached skill level 6 in Invocations
   246 | D        | Noticed a two-headed ogre
   246 | D        | Noticed a hornet
   246 | D        | Noticed a vampire mosquito
   246 | D        | Noticed a manticore
   250 | D        | Killed a two-headed ogre
   256 | D        | Killed a hornet
   256 | D        | Reached skill level 7 in Invocations
   256 | D        | Reached XP level 8. HP: 77/87 MP: 8/12
   264 | D        | Killed a manticore
   264 | D        | Reached skill level 8 in Invocations
   433 | D        | Noticed a spiny frog
   433 | D        | Noticed a komodo dragon
   433 | D        | Noticed a blink frog
   434 | D        | Noticed a black mamba
   441 | D        | Killed a spiny frog
   441 | D        | Reached skill level 9 in Invocations
   445 | D        | Reached XP level 9. HP: 15/96 MP: 11/14
   460 | D        | Killed a komodo dragon
   461 | D        | Noticed a spiny frog
   467 | D        | Killed a black mamba
   467 | D        | Reached skill level 10 in Unarmed Combat
   469 | D        | Reached skill level 10 in Invocations
   474 | D        | Killed a spiny frog
   607 | D        | Noticed an elephant
   614 | D        | Killed an elephant
   622 | D        | Reached XP level 10. HP: 96/107 MP: 15/17
   625 | D        | Reached skill level 11 in Invocations
   786 | D        | Noticed Erica
   796 | D        | Killed Erica
   796 | D        | Reached skill level 12 in Invocations
   863 | D        | Noticed Gastronok
   883 | D        | Killed Gastronok
   883 | D        | Reached skill level 10 in Fighting
   883 | D        | Reached skill level 10 in Dodging
  1070 | D        | Reached XP level 11. HP: 118/118 MP: 19/19
  1078 | D        | Reached *** piety under Zin
  1078 | D        | Reached **** piety under Zin
  1078 | D        | Reached ***** piety under Zin
  1078 | D        | Reached ****** piety under Zin
  1105 | D        | Noticed an orc high priest
  1105 | D        | Noticed an orc high priest
  1105 | D        | Noticed an orc knight
  1111 | D        | Noticed an orc knight
  1116 | D        | Killed an orc high priest
  1116 | D        | Reached skill level 13 in Invocations
  1122 | D        | Killed an orc high priest
  1133 | D        | Killed an orc knight
  1148 | D        | Killed an orc knight
  1325 | D        | Found Ruzxuff's Food Emporium.
  1325 | D        | Noticed an ogre mage
  1325 | D        | Noticed an ogre mage
  1331 | D        | Killed an ogre mage
  1334 | D        | Found Qeix's Weapon Shoppe.
  1342 | D        | Killed an ogre mage
  1342 | D        | Reached skill level 10 in Armour
  1342 | D        | Reached skill level 14 in Invocations
  1350 | D        | Found Kafoix's Gadget Emporium.
  1355 | D        | Found Guumyec's Assorted Antiques.
  1378 | D        | Noticed an ogre mage
  1379 | D        | Noticed an ogre mage
  1389 | D        | Killed an ogre mage
  1394 | D        | Paralysed by an ogre mage for 6 turns
  1401 | D        | Killed an ogre mage
  1432 | D        | Bought a phantom mirror for 300 gold pieces
  1702 | D        | Noticed a purple ugly thing
  1702 | D        | Noticed a green ugly thing
  1702 | D        | Noticed a wizard
  1708 | D        | Noticed a fire giant
  1710 | D        | Killed a green ugly thing
  1719 | D        | Killed a green ugly thing
  1719 | D        | Reached skill level 1 in Evocations
  1730 | D        | Killed a wizard
  1733 | D        | Noticed a fire dragon
  1735 | D        | Noticed a rakshasa
  1739 | D        | Noticed a spark wasp
  1739 | D        | Killed a fire giant
  1739 | D        | Reached XP level 12. HP: 70/130 MP: 22/22
  1740 | D        | Noticed a tengu warrior
  1746 | D        | Noticed a rakshasa
  1751 | D        | Noticed a fire dragon
  1764 | D        | Killed a fire dragon
  1766 | D        | Killed a rakshasa
  1766 | D        | Reached skill level 15 in Invocations
  1771 | D        | Killed a spark wasp
  1772 | D        | Killed a tengu warrior
  1777 | D        | Killed a fire dragon
  1781 | D        | Killed a rakshasa
  1956 | D        | Noticed Agnes
  1981 | D        | Killed Agnes
  2092 | D        | Noticed Nessos
  2131 | D        | Killed Nessos
  2359 | D        | Noticed an alligator
  2373 | D        | Killed an alligator
  2373 | D        | Reached skill level 5 in Evocations
  2558 | D        | Noticed an anaconda
  2572 | D        | Killed an anaconda
  2572 | D        | Reached XP level 13. HP: 134/141 MP: 23/23
  2623 | D        | Noticed an entropy weaver
  2623 | D        | Noticed an entropy weaver
  2623 | D        | Noticed a ghost moth
  2632 | D        | Killed an entropy weaver
  2656 | D        | HP: 7/141 [entropy weaver (2)]
  2656 | D        | Slain by an entropy weaver

Skill      XL: |  1  2  3  4  5  6  7  8  9 10 11 12 13 |
---------------+----------------------------------------+-----
Armour         | 1 2 3 4 5 6 7 9 10 12 | 12.2
Dodging        | 3 4 5 6 7 8 9 10 11 12 | 12.9
Fighting       | 3 4 5 6 7 8 9 10 11 12 | 12.9
Unarmed Combat | 4 5 6 7 8 9 10 11 13 14 | 14.9
Invocations    | 4 5 7 9 10 12 14 15 | 15.9
Evocations     | 2 5 6 |  6.1
Stealth        | |  1.0

Action                   |  1- 3 |  4- 6 |  7- 9 | 10-12 | 13-15 || total
-------------------------+-------+-------+-------+-------+-------++-------
Melee: Unarmed           |    35 |    21 |    86 |   289 |    39 ||   470
       Punch             |       |     1 |     6 |    26 |     5 ||    38
Invok: Vitalisation      |       |       |     2 |     6 |       ||     8
       Recite            |       |       |     1 |    14 |     2 ||    17
       Imprison          |       |       |       |     1 |       ||     1
       Sanctuary         |       |       |       |       |     1 ||     1
Evoke: Phantom mirror    |       |       |       |     1 |       ||     1
  Use: Potion            |       |     2 |     6 |    10 |     1 ||    19
 Stab: Sleeping          |     1 |       |       |       |       ||     1
       Invisible         |       |       |     4 |     2 |       ||     6
       Distracted        |       |       |       |     2 |       ||     2
       Paralysed         |       |       |       |    14 |       ||    14
       Confused          |       |       |       |     3 |       ||     3
  Eat: Chunk             |       |       |    11 |     8 |     1 ||    20
       Meat ration       |       |       |       |     2 |       ||     2
Armor: Robe              |     7 |     2 |    14 |    12 |       ||    35
       Fire dragon scale |       |       |       |    60 |    15 ||    75
Dodge: Dodged            |    11 |     6 |    50 |   113 |    29 ||   209
